 Dungeon Crawl Stone Soup version 0.28-a0-511-gcc94558de3 (webtiles) character file.

Game seed: 12667912742542175753

0 meatgazer the Skirmisher (level 1, -12/18 HPs)
             Began as a Demonspawn Abyssal Knight on Sept 21, 2021.
             Was a Follower of Lugonu.
             Mangled by a spatial maelstrom (14 damage)
             ... on level 1 of the Abyss.
             The game lasted 00:00:14 (218 turns).

meatgazer the Skirmisher (Demonspawn Abyssal Knight) Turns: 218, Time: 00:00:16

Health: -12/18     AC:  3    Str: 13    XL:     1   Next: 0%
Magic:  2/2        EV: 11    Int: 11    God:    Lugonu [*.....]
Gold:   0          SH:  0    Dex: 13    Spells: 0/0 levels left

rFire   . . .      SeeInvis .   a - +1 mace
rCold   . . .      Faith    .   (no shield)
rNeg    . . .      Spirit   .   b - +0 leather armour
rPois   .          Reflect  .   (no helmet)
rElec   .          Harm     .   (no cloak)
rCorr   .          Rampage  .   (no gloves)
Will    .....                   (no boots)
Stlth   +.........              (no amulet)
HPRegen 0.06/turn               (no ring)
MPRegen 0.08/turn               (no ring)

@: no status effects
A: no striking features
a: Renounce Religion, Depart the Abyss


You were on level 1 of the Abyss.
You worshipped Lugonu.
Lugonu was aware of your devotion.
You visited 0 branches of the dungeon, and saw 0 of its levels.
You visited the Abyss 1 time.

Inventory:

Hand Weapons
 a - a +1 mace (weapon)
Armour
 b - a +0 leather armour (worn)
Scrolls
 c - 2 scrolls of vulnerability {unknown}
 d - a scroll of identify {unknown}


   Skills:
 + Level 3.0 Fighting
 + Level 1.7 Maces & Flails
 + Level 1.7 Armour
 + Level 0.8 Dodging
 + Level 2.4 Invocations


You couldn't memorise any spells.
You didn't know any spells.
Your spell library was empty.

Dungeon Overview and Level Annotations

Branches:
Dungeon (0/15)

Altars:


Message History

Welcome, meatgazer the Demonspawn Abyssal Knight.
Will you be the one to retrieve the transcendent Orb of Zot from the depths?
Lugonu says: Depart the Abyss and spread corruption, my servant! (use the ability menu to exit the Abyss) Press ? for a list of commands and other information.
Found a corrupted altar of Lugonu.
c - 2 scrolls labelled JAJOSTR TOBUPH
d - a scroll labelled TORASK TACZEUZ A lurking horror comes into view.
Your body is wracked with pain!
You start resting.
You are suddenly pulled into a different region of the Abyss!
HP restored.
Found 11 poisoned darts.
You see here 11 poisoned darts.
Found a scale mail.
You see here a +0 scale mail.
Found a glowing dagger.
A spatial maelstrom comes into view.
A lich comes into view.
A spatial vortex comes into view.
The spatial maelstrom barely misses you.
The spatial maelstrom hits you!
Ouch! That really hurt!
* * * LOW HITPOINT WARNING * * *
Space warps horribly around you!
Ouch! That really hurt!
You die...

#.
ยง.....##..##..##
###.#....###
.##.. #.####.
.... ......
##.##..#.#..
.......
#....v.##.##..#
..##
##..#..#.###..#
##
##.#......#####.
####v..###.....
#...@.........
#.##.#.........
#. ...##........
. ###. #..#..#.)
#. ##.##.# # .#
.$ ..L . ..# #..
. .#. ##


You could see a spatial maelstrom and a spatial vortex.

Vanquished Creatures (others)
  A lurking horror (Abyss:1)
1 creature vanquished.

Notes
Turn   | Place    | Note
-------+----------+-------------------------------------------
     0 | Abyss:1  | meatgazer the Demonspawn Abyssal Knight began the quest for
                  | the Orb.
     0 | Abyss:1  | Reached XP level 1. HP: 18/18 MP: 2/2
    69 | Abyss:1  | Found a corrupted altar of Lugonu.
   216 | Abyss:1  | Noticed a spatial maelstrom
   216 | Abyss:1  | Noticed a lich
   218 | Abyss:1  | Noticed a spatial vortex
   218 | Abyss:1  | Mangled by a spatial maelstrom

Illustrated notes

Levels and vault maps discovered:
Abyss:1:  base: Temple, base:
Temple

Action                   || total
-------------------------++-------
Dodge: Dodged            ||     1

Table legend: (Time is in decaauts)
 A = Elapsed time spent in this place.
 B = Non-inter-level travel time spent in this place.
 C = Inter-level travel time spent in this place.
 D = Time resting spent in this place.
 E = Time spent auto-exploring this place.
 F = Levels seen in this place.
 G = Mean time per level.
                   A        B        C        D        E       F      G
               +--------+--------+--------+--------+--------+-----+--------+
         Total |    218 |    218 |      0 |     97 |    109 |   1 |  218.0 |
         Abyss |    218 |    218 |      0 |     97 |    109 |   1 |  218.0 |
               +--------+--------+--------+--------+--------+-----+--------+

Top non-repeatable levels by time:
 Abyss:1: 218 daAuts
